 Dungeon Crawl Stone Soup version 0.29.1-15-g9cfb28693d (webtiles) character file.

Game seed: 3910186918939653766

95 Descartes the Ruffian (level 4, -3/44 HPs)
             Began as a Troll Monk on Feb 26, 2023.
             Slain by a water moccasin (7 damage)
             ... in a sewer.
             The game lasted 00:03:50 (1790 turns).

Descartes the Ruffian (Troll Monk)                  Turns: 1790, Time: 00:03:51

Health: -3/44      AC:  4    Str: 21    XL:     4   Next: 39%
Magic:  3/3        EV: 10    Int:  6    God:
Gold:   113        SH:  0    Dex: 12    Spells: 3/3 levels left

rFire   . . .      SeeInvis .     - Unarmed
rCold   . . .      Faith    .   (no shield)
rNeg    . . .      Spirit   .   a - +0 robe
rPois   .          Reflect  .   (helmet restricted)
rElec   .          Harm     .   (no cloak)
rCorr   .          Rampage  .   (gloves unavailable)
Will    +....                   (boots unavailable)
Stlth   ++........              (no amulet)
HPRegen 0.94/turn               d - ring of willpower
MPRegen 0.08/turn               (no ring)

@: lethally poisoned (-3 -> -9)
A: large, unfitting armour, claws 3, regeneration 1, shaggy fur 1, tough skin 1
a: no special abilities


You were in a sewer.
You visited 1 branch of the dungeon, and saw 3 of its levels.
You also visited: Sewer.

You collected 113 gold pieces.

Inventory:

Hand Weapons
 k - a +0 whip of flaming
Missiles
 i - 13 stones (quivered)
 p - 2 poisoned darts
Armour
 a - a +0 robe (worn)
Jewellery
 d - a ring of willpower (left claw)
Scrolls
 c - a scroll of immolation {unknown}
 f - 2 scrolls of magic mapping {unknown}
 g - a scroll of poison {unknown}
 h - a scroll of butterflies {unknown}
 j - 3 scrolls of teleportation {unknown}
 l - 2 scrolls of identify {unknown}
 m - a scroll of acquirement {unknown}
 o - a scroll of noise {unknown}
 q - a scroll of brand weapon {unknown}
 r - a scroll of fear {unknown}
Potions
 e - 2 potions of curing {unknown}
 n - a potion of magic {unknown}


   Skills:
 - Level 2.4 Fighting
 + Level 2.4 Throwing
 - Level 2.4 Dodging
 - Level 1.0 Stealth
 + Level 4.3 Unarmed Combat


You had 3 spell levels left.
You didn't know any spells.
Your spell library contained the following spells:

 Spells                   Type           Power      Damage    Failure   Level
 Ensorcelled Hibernation  Hex/Ice        0%         N/A       58%         2
 Gell's Gravitas          Tloc           0%         N/A       83%         3
 Lesser Beckoning         Tloc           0%         N/A       83%         3
 Spider Form              Tmut/Pois      0%         N/A       83%         3
 Teleport Other           Tloc           0%         N/A       83%         3
 Anguish                  Hex/Necr       0%         N/A       99%         4


Dungeon Overview and Level Annotations

Branches:
Dungeon (3/15)              Sewer (1/1)

Altars:

Shops:
D:2 :


Innate Abilities, Weirdness & Mutations

You are too large for most types of armour.
You have claws for hands.
Your natural rate of healing is unusually fast.
You are covered in fur. (AC +1)
You have tough skin. (AC +1)


Message History

You scratch the water moccasin.
The water moccasin is heavily wounded.
You feel sick. The water moccasin bites you.
* * * LOW HITPOINT WARNING * * *
Unknown command.
You bump into the stone wall.
You feel sick. The water moccasin bites you.
You are more poisoned.
The water moccasin poisons you!
The water moccasin attacks as you move away!
The water moccasin misses you.
You feel very sick. The water moccasin bites you.
* * * LOW HITPOINT WARNING * * *
Unknown command.
You feel very sick. The water moccasin bites you.
* * * LOW HITPOINT WARNING * * *
You bump into the stone wall.
You feel very sick. The water moccasin barely misses you.
The water moccasin closely misses you.
Found a robe.
You feel less invigorated.
You feel less confused.
You feel sick. The water moccasin bites you.
* * * LOW HITPOINT WARNING * * *
You are lethally poisoned!
The water moccasin poisons you!
Unknown command.
You scratch the water moccasin.
The water moccasin is severely wounded.
* * * LOW HITPOINT WARNING * * *
You feel very sick. The water moccasin bites you.
* * * LOW HITPOINT WARNING * * *
Unknown command.
You scratch the water moccasin but do no damage.
The water moccasin is severely wounded.
* * * LOW HITPOINT WARNING * * *
You feel very sick. The water moccasin bites you!
You die...

## ## #
#?!#. [
$.#~#.
#..~#
##~.~##
#~.~..#
#...@S##
#...#~..#
#..
##..##
#.. #~..#
#. ##.~#
#. #..#
#.~ #~.#
#.~#
##.~#
#.~.
#.~.#


You could see a water moccasin.

Vanquished Creatures
  A gnoll (D:1)
  3 adders (D:2)
  3 endoplasms
  2 giant cockroaches
  9 goblins
  5 hobgoblins
  A jackal (Sewer)
  5 quokkas
  4 ball pythons
  5 bats
  6 frilled lizards
  10 kobolds
  3 rats
57 creatures vanquished.

Notes
Turn   | Place    | Note
-------+----------+-------------------------------------------
     0 | D:1      | Descartes the Troll Monk began the quest for the Orb.
     0 | D:1      | Reached XP level 1. HP: 22/22 MP: 0/0
    29 | D:1      | Found a faded altar of an unknown god.
    69 | D:1      | Reached XP level 2. HP: 28/29 MP: 1/1
   106 | D:1      | Reached skill level 1 in Throwing
   419 | D:1      | Reached XP level 3. HP: 32/36 MP: 2/2
   961 | D:2      | Found Itocs's Book Boutique.
  1027 | D:2      | Reached skill level 4 in Unarmed Combat
  1075 | D:2      | Reached XP level 4. HP: 44/44 MP: 3/3
  1719 | D:3      | Found a glowing drain.
  1723 | Sewer    | Entered a sewer
  1771 | Sewer    | Noticed a water moccasin
  1790 | Sewer    | Slain by a water moccasin

Illustrated notes

Levels and vault maps discovered:
D:1:      lemuel_arrival_lava_pool, layout_loops_corners,
          shapermc_ecumenical_altar_totnotflames, minmay_statues_item
D:2:      layout_basic, serial_shops, shop
D:3:      layout_rooms, nicolae_wu_jian_glorious_leap, elyvilon_altar_3,
          gup_sewer_entry_bowl, minmay_cupped
Sewer:    sewer_the_moccasin

Skill      XL: |  1  2  3 |
---------------+----------+-----
Throwing       | 1 2 |  2.4
Unarmed Combat | 4 |  4.3
Fighting       | |  2.4
Dodging        | |  2.4
Stealth        | |  1.0

Action                   |  1- 3 |  4- 6 || total
-------------------------+-------+-------++-------
Melee: Unarmed           |    89 |    51 ||   140
       Punch             |     3 |     1 ||     4
  Use: Potion            |       |     1 ||     1
 Stab: Sleeping          |     2 |     2 ||     4
Armor: Robe              |    31 |     8 ||    39
Dodge: Dodged            |    42 |    35 ||    77
